[Event "Late-Titled-Tuesday-Blitz-July-09-2024"]
[Site "Chess.com"]
[Date "2024.07.09"]
[Round "3"]
[White "DanielNaroditsky"]
[Black "WPWPWP-2015"]
[Result "1-0"]
[WhiteElo "3087"]
[BlackElo "2510"]
[TimeControl "180+1"]
[EndTime "14:24:30 PDT"]
[Termination "DanielNaroditsky won by resignation"]

1. e4 e5 2. Nf3 Nc6 3. Bb5 Nf6 4. O-O Nxe4 5. d4 Nd6 6. Ba4 Be7 7. dxe5 Nf5 8. Nc3 O-O 9. Nd5 h6 10. Re1 a6 11. Bf4 b5 12. Bb3 Bc5 13. Qd3 Nfe7 14. Nf6+ gxf6 15. exf6 d5 16. fxe7 Nxe7 17. Bxh6 Re8 18.
Ng5 Bf5 19. Qc3 d4 20. Qxc5 Bg6 21. Nxf7 1-0

[Event "Late-Titled-Tuesday-Blitz-July-09-2024"]
[Site "Chess.com"]
[Date "2024.07.09"]
[Round "3"]
[White "GMAneta"]
[Black "lluiss"]
[Result "1-0"]
[WhiteElo "2538"]
[BlackElo "2214"]
[TimeControl "180+1"]
[EndTime "14:24:45 PDT"]
[Termination "GMAneta won by resignation"]

1. d4 Nf6 2. c4 g6 3. Nc3 d5 4. e3 Bg7 5. Qb3 dxc4 6. Bxc4 O-O 7. Nf3 Nc6 8. Be2 Rb8 9. O-O Be6 10. Qa3 Qd6 11. b3 Nd5 12. Ne4 Qxa3 13. Bxa3 Ncb4 14. Rfc1 b6 15. Bxb4 Nxb4 16. Rxc7 a5 17. Bc4 Bxc4 18. bxc4 Nc2 19. Rc1 Nb4 20. a3 Na6 21. Rxe7 Rfc8 22. Nfg5 Bf8 23. Rxf7 h6 24. Nf6+ 1-0

[Event "Late-Titled-Tuesday-Blitz-July-09-2024"]
[Site "Chess.com"]
[Date "2024.07.09"]
[Round "3"]
[White "MarkoPe"]
[Black "Stanbad1"]
[Result "1-0"]
[WhiteElo "2454"]
[BlackElo "2633"]
[TimeControl "180+1"]
[EndTime "14:24:50 PDT"]
[Termination "MarkoPe won by resignation"]

1. d4 Nf6 2. g3 g6 3. Bg2 Bg7 4. Nf3 d6 5. h4 O-O 6. h5 c5 7. hxg6 hxg6 8. Bh6 Nc6 9. Qc1 Ne4 10. Bxg7 Kxg7 11.
Qh6+ Kf6 12. Qf4+ Bf5 13. g4 e5 14. dxe5+ dxe5 15. Nxe5 Nxe5 16. gxf5 gxf5 17. Bxe4 Qd7 18. Nc3 Ng6 19. Qf3 Rh8 20. Nd5+ Kg7 21. Rxh8 Rxh8 22. Bxf5 Qd6 23. O-O-O Qe5 24. Bxg6 fxg6 25. Qc3 Qxc3 26. Nxc3 Rh2 27. f3 b6 28. Rd7+ 1-0

[Event "Late-Titled-Tuesday-Blitz-July-09-2024"]
[Site "Chess.com"]
[Date "2024.07.09"]
[Round "3"]
[White "Bilan_Danila"]
[Black "KebabJangles"]
[Result "1-0"]
[WhiteElo "2593"]
[BlackElo "2366"]
[TimeControl "180+1"]
[EndTime "14:24:58 PDT"]
[Termination "Bilan_Danila won by resignation"]

1. d4 Nf6 2. Nf3 g6 3. Bg5 Bg7 4. c3 O-O 5. Nbd2 d6 6. e4 h6 7.
Bh4 g5 8. Bg3 Nh5 9. Bc4 Nxg3 10. hxg3 e6 11. e5 d5 12. Bb3 c5 13. Nh2 Nc6 14.
Ndf3 f5 15. exf6 Qxf6 16. Ng4 Qg6 17. Bc2 Qf7 18. Rxh6 Bxh6 19. Nxh6+ 1-0

[Event "Late-Titled-Tuesday-Blitz-July-09-2024"]
[Site "Chess.com"]
[Date "2024.07.09"]
[Round "3"]
[White "NovoselovRoman"]
[Black "Os55555"]
[Result "1-0"]
[WhiteElo "2562"]
[BlackElo "2318"]
[TimeControl "180+1"]
[EndTime "14:25:07 PDT"]
[Termination "NovoselovRoman won by resignation"]

1. e4 e5 2. Nf3 Nc6 3. Bc4 Bc5 4. c3 Nf6 5. d3 d6 6. Nbd2 O-O 7. h3 Ne7 8. Bb3 Bb6 9. g4 Ng6 10. Nf1 Kh8 11. Ng3 Nxg4 12. hxg4 Bxg4 13. Nf5 Qf6 14.
Bg5 Bxf3 15. Bxf6 Bxd1 16. Bxg7+ Kg8 17. Bf6 Rfe8 18. Rxd1 a5 19. Nh6+ Kf8 20. Bxf7 Rec8 21. Bxg6 hxg6 22. Ng4 Kf7 23. Rh7+ 1-0

[Event "Late-Titled-Tuesday-Blitz-July-09-2024"]
[Site "Chess.com"]
[Date "2024.07.09"]
[Round "3"]
[White "glebus008"]
[Black "js20000"]
[Result "0-1"]
[WhiteElo "2401"]
[BlackElo "2784"]
[TimeControl "180+1"]
[EndTime "14:25:08 PDT"]
[Termination "js20000 won by resignation"]

1. d4 d6 2. e4 Nf6 3. Nc3 e6 4. Nf3 a6 5. a4 d5 6. e5 Nfd7 7. Ne2 c5 8. c3 Nc6 9. g3 f6 10.
exf6 Qxf6 11. Bg2 cxd4 12. cxd4 Bd6 13. O-O O-O 14. Bg5 Qf7 15. Bf4 Be7 16. h4 h6 17.
Qd2 Nf6 18. Nc3 Bd7 19. Ne5 Nxe5 20. Bxe5 Ng4 21. Bf4 Bxh4 22. Bd6 Be7 23. Bxe7 Qxe7 24. Rae1 Qf7 25. Qe2 Qh5 0-1

[Event "Late-Titled-Tuesday-Blitz-July-09-2024"]
[Site "Chess.com"]
[Date "2024.07.09"]
[Round "3"]
[White "Juliana_Figueira"]
[Black "NovakRatko"]
[Result "0-1"]
[WhiteElo "1995"]
[BlackElo "2355"]
[TimeControl "180+1"]
[EndTime "14:25:09 PDT"]
[Termination "NovakRatko won by resignation"]

1. d4 d5 2. c4 c5 3. cxd5 Qxd5 4. dxc5 Qxd1+ 5. Kxd1 e5 6. b4 a5 7. Bd2 axb4 8. Bxb4 Nc6 9. Ba3 Bf5 10. Nd2 Rxa3 11. Nc4 Ra8 12. Nd6+ Bxd6 13. cxd6 Rd8 14. Ke1 Rxd6 15.
f3 e4 16. g4 Bg6 17. Bg2 Nd4 18. Rc1 exf3 19. Nxf3 Nxf3+ 20. Bxf3 Ne7 21. Bxb7 O-O 22.
Rc7 Nd5 23. Bxd5 Rxd5 24. Kf2 Rd2 25. a4 Re8 26. Re1 Bd3 27. a5 h6 28. Rd7 Rdxe2+ 29.
Rxe2 Bxe2 30. Rd6 Bxg4 31. a6 Ra8 32. Ke3 Kf8 33. Kd3 Ke7 34. Rb6 Bc8 35. Kd4 Rxa6 0-1

[Event "Late-Titled-Tuesday-Blitz-July-09-2024"]
[Site "Chess.com"]
[Date "2024.07.09"]
[Round "3"]
[White "tptagain"]
[Black "Sek_Konstantin"]
[Result "1-0"]
[WhiteElo "3043"]
[BlackElo "2718"]
[TimeControl "180+1"]
[EndTime "14:25:20 PDT"]
[Termination "tptagain won by resignation"]

1. d4 Nf6 2. Nf3 e6 3. Bg5 c5 4. d5 Qa5+ 5. c3 Nxd5 6. e4 Nf6 7.
e5 Ne4 8. Nbd2 Nxg5 9. Nxg5 Qc7 10. Nc4 Nc6 11. f4 Be7 12. Nd6+ Bxd6 13. exd6 Qb6 14.
Qh5 g6 15. Qh6 Qxb2 16. Qg7 Qxa1+ 17. Kf2 Qxa2+ 18. Be2 1-0

[Event "Late-Titled-Tuesday-Blitz-July-09-2024"]
[Site "Chess.com"]
[Date "2024.07.09"]
[Round "3"]
[White "Ykow"]
[Black "Polish_fighter3000"]
[Result "0-1"]
[WhiteElo "2734"]
[BlackElo "3068"]
[TimeControl "180+1"]
[EndTime "14:25:24 PDT"]
[Termination "Polish_fighter3000 won by resignation"]

1. e4 e5 2. Nf3 Nc6 3. Bb5 a6 4. Ba4 d6 5. c4 Bd7 6. Nc3 g6 7. d4 exd4 8. Nxd4 Bg7 9. Be3 Nge7 10.
O-O O-O 11. Nxc6 Bxc6 12. Bxc6 Nxc6 13. Qc2 Nd4 14. Qd2 Ne6 15. Rad1 Re8 16. f3 h5 17. Nd5 b5 18. b3 bxc4 19. bxc4 Rb8 20. Rb1 c6 21. Nb4 Rc8 22. Nxa6 c5 23. Rfd1 Ra8 0-1

[Event "Late-Titled-Tuesday-Blitz-July-09-2024"]
[Site "Chess.com"]
[Date "2024.07.09"]
[Round "3"]
[White "simaopdias"]
[Black "Trovita84"]
[Result "0-1"]
[WhiteElo "2203"]
[BlackElo "2395"]
[TimeControl "180+1"]
[EndTime "14:25:25 PDT"]
[Termination "Trovita84 won by resignation"]

1. e4 c5 2. Nf3 d6 3. d4 cxd4 4.
Nxd4 Nf6 5. Nc3 a6 6. Be2 e6 7. Be3 Be7 8. O-O O-O 9. a4 e5 10. Nb3 Be6 11. Nd5 Nxd5 12. exd5 Bf5 13. c4 Nd7 14.
Bd3 Bxd3 15. Qxd3 f5 16. f3 Rc8 17. Rfc1 Bg5 18. Qd2 Bxe3+ 19. Qxe3 Qb6 20. Qxb6 Nxb6 21. Nd2 a5 22. b3 Nd7 23. Rab1 Nc5 24. Rc3 e4 25.
Re3 f4 26. Re2 e3 27. Nf1 Ra8 28. h3 Ra6 29. Nh2 Rb6 30. Reb2 Re8 31. Kf1 e2+ 32. Ke1 Nd3+ 0-1

[Event "Late-Titled-Tuesday-Blitz-July-09-2024"]
[Site "Chess.com"]
[Date "2024.07.09"]
[Round "3"]
[White "zacachess"]
[Black "DeTimmerman"]
[Result "1-0"]
[WhiteElo "2493"]
[BlackElo "2753"]
[TimeControl "180+1"]
[EndTime "14:25:27 PDT"]
[Termination "zacachess won by resignation"]

1. e4 e5 2. Nc3 Nf6 3. Bc4 Nxe4 4. Qh5 Nd6 5. Qxe5+ Qe7 6. Qxe7+ Bxe7 7. Be2 c6 8. Nf3 Nf5 9. g4 Nh4 10. Nxh4 Bxh4 11.
d4 h6 12. d5 Bf6 13. Bd2 O-O 14. O-O-O Re8 15. Bf3 a6 16. Rhe1 Rf8 17. Ne4 Bd8 18.
Bb4 cxd5 19. Rxd5 Nc6 20. Bxf8 Kxf8 21. Nd6 Bg5+ 22. Kb1 Ne7 23. Rc5 Bf4 24. Nxc8 Rxc8 25. Rxc8+ Nxc8 26. Bxb7 Nd6 27. Bxa6 Bxh2 28. Bd3 g6 29. a4 Nb7 30. b4 Bd6 31. c3 1-0

[Event "Late-Titled-Tuesday-Blitz-July-09-2024"]
[Site "Chess.com"]
[Date "2024.07.09"]
[Round "3"]
[White "dolynachess"]
[Black "Millerkallpa"]
[Result "0-1"]
[WhiteElo "2529"]
[BlackElo "2258"]
[TimeControl "180+1"]
[EndTime "14:25:34 PDT"]
[Termination "Millerkallpa won by resignation"]

1. d4 Nf6 2. c4 c5 3. Nf3 g6 4. Nc3 Bg7 5. g3 O-O 6. Bg2 cxd4 7. Nxd4 Nc6 8. O-O d6 9. Nxc6 bxc6 10. Bxc6 Rb8 11.
Bg2 Bb7 12. Qc2 Bxg2 13. Kxg2 Qc7 14. Be3 Ng4 15. Nd5 Qb7 16. f3 Qxd5 17. Bxa7 Qa8 18. Bg1 Rxb2 19. Qd3 Ne5 20. Qd1 Nxc4 21. a4 Rd2 22.
Qc1 Bxa1 23. Qxa1 Rxe2+ 24. Kh1 Nd2 0-1

[Event "Late-Titled-Tuesday-Blitz-July-09-2024"]
[Site "Chess.com"]
[Date "2024.07.09"]
[Round "3"]
[White "HaryKane"]
[Black "nitpicker"]
[Result "1-0"]
[WhiteElo "2567"]
[BlackElo "2297"]
[TimeControl "180+1"]
[EndTime "14:25:34 PDT"]
[Termination "HaryKane won by checkmate"]

1. d4 Nf6 2. e3 d5 3. f4 g6 4. Nf3 Bg7 5. Bd3 O-O 6. O-O b6 7. Qe2 Bb7 8. Nbd2 Nbd7 9. b3 c5 10. c3 Ne4 11. Bb2 f6 12. Nxe4 dxe4 13. Bc4+ Kh8 14.
Nh4 e5 15. f5 Qe8 16. fxg6 hxg6 17. Qg4 Kh7 18. Be6 Bc8 19. Nxg6 Rh8 20. Bf5 Bh6 21.
Nf8# 1-0

[Event "Late-Titled-Tuesday-Blitz-July-09-2024"]
[Site "Chess.com"]
[Date "2024.07.09"]
[Round "3"]
[White "stollenmonster"]
[Black "Crazy_girl99"]
[Result "0-1"]
[WhiteElo "2877"]
[BlackElo "2686"]
[TimeControl "180+1"]
[EndTime "14:25:36 PDT"]
[Termination "Crazy_girl99 won by resignation"]

1. e4 e5 2. Nc3 Nc6 3. g3 Bc5 4. Bg2 Nf6 5. h3 d6 6. d3 a6 7. Nge2 Be6 8. Nd5 Qd7 9. c3 Ba7 10. d4 exd4 11. cxd4 O-O-O 12. Nxf6 gxf6 13. d5 Ne5 14. dxe6 fxe6 15. O-O Rdg8 16. Nf4 Rxg3 17. Kh2 Rg7 18.
Nh5 Rg6 19. Bf4 Rhg8 20. Bg3 Qf7 21. Qe2 Rh6 22. f4 Nc6 23. Nxf6 Qxf6 24. e5 Qg7 25. Qd3 Rg6 26. Rf3 Nd4 27. Raf1 Nf5 28. exd6 Nxg3 29. Rxg3 Rxg3 30. Bxb7+ Kxb7 31. Qe4+ c6 0-1

[Event "Late-Titled-Tuesday-Blitz-July-09-2024"]
[Site "Chess.com"]
[Date "2024.07.09"]
[Round "3"]
[White "AlleyOoper"]
[Black "MikaelyanArman"]
[Result "0-1"]
[WhiteElo "2562"]
[BlackElo "2897"]
[TimeControl "180+1"]
[EndTime "14:25:47 PDT"]
[Termination "MikaelyanArman won by resignation"]

1. d4 c6 2. e4 d6 3. Nc3 a5 4.
f4 g6 5. Nf3 Bg7 6. Bd3 Na6 7. a3 Nc7 8. h3 Nf6 9. O-O O-O 10. e5 Nd7 11. Ne4 c5 12. exd6 exd6 13.
Nxd6 cxd4 14. Nxc8 Rxc8 15. Bd2 Nd5 16. Re1 Qb6 17. b3 Ne3 18. Qb1 Nc5 19. Bc4 Ne4 20. Bxe3 dxe3 21. Ne5 e2+ 22. Kh2 Qe3 23. Nd3 Rfd8 24.
Qc1 Qg3+ 25. Kh1 Rxd3 26. Bxd3 Nf2+ 27. Kg1 Nxh3+ 28. Kh1 Nf2+ 29. Kg1 Nxd3 30. Qd2 Bd4+ 0-1

[Event "Late-Titled-Tuesday-Blitz-July-09-2024"]
[Site "Chess.com"]
[Date "2024.07.09"]
[Round "3"]
[White "fugadelafuga"]
[Black "BillCoe"]
[Result "1-0"]
[WhiteElo "2429"]
[BlackElo "2084"]
[TimeControl "180+1"]
[EndTime "14:25:48 PDT"]
[Termination "fugadelafuga won by checkmate"]

1. c4 g6 2. Nc3 Bg7 3. g3 d6 4. Bg2 c5 5. e4 Nf6 6. Nge2 Nc6 7. O-O O-O 8. Rb1 a6 9. a3 Rb8 10. b3 Nd4 11. d3 e5 12. Bg5 h6 13.
Bxf6 Bxf6 14. Nd5 Bg7 15. Nxd4 cxd4 16. f4 Be6 17. f5 Bxd5 18. exd5 Qg5 19. Qc1 Qxc1 20.
Rbxc1 Bf6 21. fxg6 fxg6 22. Bh3 Bg5 23. Be6+ Kg7 24.
Rc2 Be3+ 25. Kg2 Rxf1 26. Kxf1 Rf8+ 27. Kg2 Re8 28. b4 b6 29. c5 bxc5 30. bxc5 dxc5 31. Rxc5 Rb8 32. Rc7+ Kf6 33. h4 Rb2+ 34. Kh3 g5 35. h5 e4 36. Rf7+ Ke5 37. Rf5+ Kd6 38. dxe4 d3 39. e5+ Ke7 40. Rf7+ Ke8 41. d6 d2 42. d7+ Kd8 43. Rf8+ Ke7 44. d8=Q+ Kxe6 45. Qd6# 1-0

[Event "Late-Titled-Tuesday-Blitz-July-09-2024"]
[Site "Chess.com"]
[Date "2024.07.09"]
[Round "3"]
[White "Emp3rador"]
[Black "Klendi"]
[Result "1-0"]
[WhiteElo "2617"]
[BlackElo "2414"]
[TimeControl "180+1"]
[EndTime "14:25:49 PDT"]
[Termination "Emp3rador won by resignation"]

1. e4 e5 2. Nf3 Nc6 3. d4 exd4 4.
Nxd4 Nf6 5. Nc3 Bb4 6. Nxc6 bxc6 7. Bd3 d5 8. exd5 cxd5 9. O-O O-O 10. Bg5 c6 11. h3 Be6 12. Qf3 Rb8 13. Na4 Be7 14. b3 h6 15. Bf4 Bd6 16. Rad1 c5 17.
c4 Bxf4 18. Qxf4 Qa5 19. cxd5 Nxd5 20. Qe5 Rfd8 21. Bc4 Nc7 22. Qxc5 Qxc5 23. Nxc5 Bxc4 24. bxc4 Rdc8 25. Nb3 Ne6 26. Rc1 Rb4 27. c5 Rb5 28. Rc4 a5 29. Rfc1 Rc6 30. Ra4 Nxc5 31. Rxa5 Nxb3 32.
Ra8+ Kh7 33. Rxc6 1-0

[Event "Late-Titled-Tuesday-Blitz-July-09-2024"]
[Site "Chess.com"]
[Date "2024.07.09"]
[Round "3"]
[White "anderson2361"]
[Black "Patricius007"]
[Result "0-1"]
[WhiteElo "2250"]
[BlackElo "2548"]
[TimeControl "180+1"]
[EndTime "14:25:49 PDT"]
[Termination "Patricius007 won by resignation"]

1. c4 e6 2. Nf3 d5 3. g3 c5 4. Bg2 Nf6 5. O-O Nc6 6. b3 d4 7.
e3 e5 8. d3 Be7 9. e4 h5 10.
h3 Be6 11. Na3 Qc8 12. Kh2 Nd7 13. Ng5 Nf8 14. Nxe6 Nxe6 15. Nc2 g5 16. Kg1 a5 17. a3 Qd7 18. Bd2 h4 19. b4 axb4 20. axb4 Rxa1 21. Qxa1 cxb4 22. Qa8+ Ned8 23. Qa4 hxg3 24. fxg3 Rxh3 25.
Bxh3 Qxh3 26. Kf2 Qh2+ 27. Ke1 Qxg3+ 28. Kd1 Qxd3 29. Rf2 b3 30. Ne1 Qb1+ 31. Ke2 Qxe4+ 32. Kd1 b2 33. Qc2 b1=Q+ 0-1

[Event "Late-Titled-Tuesday-Blitz-July-09-2024"]
[Site "Chess.com"]
[Date "2024.07.09"]
[Round "3"]
[White "Mops_2004"]
[Black "Msb2"]
[Result "0-1"]
[WhiteElo "2740"]
[BlackElo "3088"]
[TimeControl "180+1"]
[EndTime "14:25:51 PDT"]
[Termination "Msb2 won by resignation"]

1. g3 d5 2. Bg2 e6 3. d3 Nf6 4. Nf3 Bd6 5. O-O O-O 6. Nc3 e5 7. e4 dxe4 8. Nxe4 Nxe4 9. dxe4 Be6 10. Be3 f6 11. Qe2 Qe7 12. Rad1 a5 13. a3 Nc6 14. h4 Bc5 15. Kh2 Rfd8 16. Bh3 Bf7 17. Bc1 a4 18. Bg4 Bb6 19. h5 Qc5 20. Be3 Bc4 21. Qe1 Qb5 22. Rh1 Rxd1 23. Qxd1 Bxe3 24. fxe3 Qxb2 25. Qd7 Rd8 26.
Qxc7 Qxc2+ 27. Kh3 Qxe4 0-1

[Event "Late-Titled-Tuesday-Blitz-July-09-2024"]
[Site "Chess.com"]
[Date "2024.07.09"]
[Round "3"]
[White "IMJonathanCarlstedt"]
[Black "Richardmaster"]
[Result "0-1"]
[WhiteElo "2654"]
[BlackElo "2507"]
[TimeControl "180+1"]
[EndTime "14:25:51 PDT"]
[Termination "Richardmaster won by resignation"]

1. c4 c5 2. g3 Nc6 3. Bg2 g6 4. Nc3 Bg7 5. a3 a5 6. Nf3 e5 7. d4 cxd4 8. Nb5 d6 9. e3 Bg4 10. exd4 e4 11. Qe2 Qe7 12. Bf4 exf3 13. Nxd6+ Kf8 14.
Qxe7+ Ngxe7 15. Bf1 Nxd4 16. O-O-O Nec6 17. Nxb7 Ne2+ 18. Kb1 Nxf4 19. gxf4 Rb8 20. Nc5 Rxb2+ 21. Kc1 Rxf2 22.
Rd6 Nd4 23. Bd3 Ne2+ 24. Kd2 Ng3+ 25. Ke3 Nxh1 26. f5 Re2+ 27. Kf4 Be5+ 0-1

[Event "Late-Titled-Tuesday-Blitz-July-09-2024"]
[Site "Chess.com"]
[Date "2024.07.09"]
[Round "3"]
[White "MyDream003"]
[Black "schachlana"]
[Result "0-1"]
[WhiteElo "2702"]
[BlackElo "2334"]
[TimeControl "180+1"]
[EndTime "14:25:54 PDT"]
[Termination "schachlana won on time"]

1. h3 g6 2. Rh2 Bg7 3. g3 d5 4. Rg2 c5 5. g4 Nc6 6. Rg3 e5 7.
d3 Nge7 8. Nd2 Be6 9. Ndf3 Qd7 10. Ng5 O-O-O 11. Nxe6 Qxe6 12. Bg2 f5 13. c3 f4 14. Rf3 g5 15. h4 e4 16. Rh3 Qxg4 17. Kf1 Kb8 18. a4 Ne5 19. a5 gxh4 20. a6 b6 21. Qa4 Rhg8 22. b4 Bf6 23. Rh2 f3 24. exf3 exf3 25. Nxf3 Nxf3 26. Bh3 Nxh2+ 0-1

[Event "Late-Titled-Tuesday-Blitz-July-09-2024"]
[Site "Chess.com"]
[Date "2024.07.09"]
[Round "3"]
[White "dodorox"]
[Black "Defenstrator"]
[Result "1-0"]
[WhiteElo "2184"]
[BlackElo "2372"]
[TimeControl "180+1"]
[EndTime "14:25:55 PDT"]
[Termination "dodorox won by resignation"]

1. d4 Na6 2. c4 c5 3. d5 e6 4.
Nc3 Nf6 5. g3 exd5 6. cxd5 d6 7.
Bg2 Nc7 8. a4 b6 9. Nf3 Be7 10.
O-O O-O 11. Nd2 Rb8 12. Qc2 a6 13. e4 b5 14. axb5 axb5 15. h3 b4 16. Na4 Nb5 17. Nb3 Bd7 18. Be3 Qc7 19. Rfc1 Rfc8 20. Qc4 Be8 21.
f4 Nd7 22. Kh2 f5 23. e5 dxe5 24. d6+ Bf7 25. dxc7 Rxc7 26. Qc2 c4 27. Nd2 Nd4 28. Bxd4 exd4 29. b3 d3 30. Qd1 c3 31. Nc4 Rxc4 32. bxc4 Bxc4 33. Nxc3 bxc3 34. Rxc3 Bb5 35. Rb1 Bf6 36.
Rcb3 1-0

[Event "Late-Titled-Tuesday-Blitz-July-09-2024"]
[Site "Chess.com"]
[Date "2024.07.09"]
[Round "3"]
[White "szachmistrz2500"]
[Black "TokChess"]
[Result "0-1"]
[WhiteElo "2409"]
[BlackElo "2575"]
[TimeControl "180+1"]
[EndTime "14:26:00 PDT"]
[Termination "TokChess won by resignation"]

1. d4 d6 2. Nf3 Nf6 3. c4 g6 4. Nc3 Bg7 5. e4 O-O 6. Be2 Bg4 7. O-O Nc6 8. Be3 Bxf3 9. Bxf3 e5 10. d5 Ne7 11. c5 dxc5 12. Bxc5 Ne8 13. Nb5 Nd6 14. Be2 Nxe4 15. Ba3 a6 16. Nxc7 Qxc7 17. d6 Nxd6 18. Bxd6 Qd7 19. Bf3 Rfd8 20. Bxe7 Qxe7 21. Qb3 e4 22.
Rfe1 Rd4 23. Re3 Kh8 24. Be2 Rad8 25. Bc4 f5 26. Re2 b5 27. Bf7 Bf6 28. f3 Kg7 29. fxe4 Qxf7 0-1

[Event "Late-Titled-Tuesday-Blitz-July-09-2024"]
[Site "Chess.com"]
[Date "2024.07.09"]
[Round "3"]
[White "jbking07"]
[Black "Vaporwaffle94"]
[Result "1-0"]
[WhiteElo "2441"]
[BlackElo "2265"]
[TimeControl "180+1"]
[EndTime "14:26:02 PDT"]
[Termination "jbking07 won by resignation"]

1. Nf3 e6 2. g3 b6 3. Bg2 Bb7 4. O-O c5 5. b3 Nf6 6. Bb2 d5 7.
c4 d4 8. d3 Be7 9. a3 O-O 10.
b4 Nc6 11. b5 Nb8 12. Nbd2 Re8 13. Re1 Bf8 14. Qc2 e5 15. e4 dxe3 16. Rxe3 Nbd7 17. Nxe5 Bxg2 18. Kxg2 Qc7 19. Nxd7 Nxd7 20. Rae1 Rxe3 21.
Rxe3 a6 22. a4 Ra7 23. Nf3 axb5 24. axb5 Qb7 25. h4 Ra8 26. h5 h6 27. Kg1 Rd8 28. Nh4 Nb8 29. Qe2 Qd7 30. Qf3 Qh3 31. Nf5 Nd7 32.
Qf4 Qxh5 33. Qc7 Qg5 34. f4 Qxf5 35. Qxd8 Kh7 36. Qc8 Bd6 37. Qc6 Be7 38. Rxe7 Qxd3 39. Qxd7 Qxg3+ 40. Kf1 Qxf4+ 41. Ke2 Qxc4+ 42. Qd3+ Qxd3+ 43. Kxd3 1-0

[Event "Late-Titled-Tuesday-Blitz-July-09-2024"]
[Site "Chess.com"]
[Date "2024.07.09"]
[Round "3"]
[White "Masterisback04"]
[Black "ALRS-SPS"]
[Result "1-0"]
[WhiteElo "2109"]
[BlackElo "2363"]
[TimeControl "180+1"]
[EndTime "14:26:02 PDT"]
[Termination "Masterisback04 won on time"]

1. e4 c5 2. Nf3 e6 3. c3 d5 4. Bd3 Nc6 5. O-O Nf6 6. e5 Nd7 7.
Re1 Qc7 8. Qe2 b6 9. a3 Bb7 10. b4 O-O-O 11. Ba6 Re8 12. Bxb7+ Kxb7 13. bxc5 Bxc5 14.
d4 Bf8 15. Nbd2 f6 16. exf6 1-0

[Event "Late-Titled-Tuesday-Blitz-July-09-2024"]
[Site "Chess.com"]
[Date "2024.07.09"]
[Round "3"]
[White "scandalgod"]
[Black "sammartin99"]
[Result "1-0"]
[WhiteElo "2644"]
[BlackElo "2423"]
[TimeControl "180+1"]
[EndTime "14:26:03 PDT"]
[Termination "scandalgod won by resignation"]

1. d4 d5 2. c4 c6 3. Nf3 Nf6 4. Nc3 a6 5. e3 Bf5 6. cxd5 cxd5 7. Qb3 b5 8. a4 b4 9. Qxb4 Nc6 10.
Qc5 Na5 11. Bxa6 Rxa6 12. Qb5+ Rc6 13. Ne5 Bd7 14. Nxd7 Nxd7 15. Bd2 Rc8 16. Nxd5 Nc4 17. Rc1 Nxd2 18. Kxd2 e6 19. Rxc8 Qxc8 20. Rc1 Qxc1+ 21. Kxc1 exd5 22. Qxd5 Be7 23. a5 Nf6 24. Qc6+ Kd8 25. a6 1-0

[Event "Late-Titled-Tuesday-Blitz-July-09-2024"]
[Site "Chess.com"]
[Date "2024.07.09"]
[Round "3"]
[White "realburq"]
[Black "Statham_01"]
[Result "0-1"]
[WhiteElo "2437"]
[BlackElo "2668"]
[TimeControl "180+1"]
[EndTime "14:26:05 PDT"]
[Termination "Statham_01 won by resignation"]

1. e4 e5 2. Nf3 Nf6 3. Nxe5 d5 4. d4 Nxe4 5. Bd3 Nd7 6. Nf3 Bd6 7. O-O c6 8. c4 O-O 9. c5 Bc7 10. Nc3 f5 11. Re1 Ndf6 12. Ne5 Qe8 13. f3 Bxe5 14. dxe5 Qxe5 15. fxe4 fxe4 16. h3 Bxh3 17. gxh3 Qg3+ 18.
Kh1 Qxh3+ 19. Kg1 Qg3+ 20. Kh1 Ng4 21. Re2 Rf2 22. Qe1 0-1

[Event "Late-Titled-Tuesday-Blitz-July-09-2024"]
[Site "Chess.com"]
[Date "2024.07.09"]
[Round "3"]
[White "miraitrunks"]
[Black "Chempiblinka"]
[Result "1-0"]
[WhiteElo "2026"]
[BlackElo "2356"]
[TimeControl "180+1"]
[EndTime "14:26:06 PDT"]
[Termination "miraitrunks won by resignation"]

1. e4 c5 2. Nc3 a6 3. Nge2 Nf6 4. a4 Nc6 5. d3 g6 6. g3 d6 7.
Bg2 Bg7 8. O-O O-O 9. h3 Nd4 10. Nxd4 cxd4 11. Ne2 Nd7 12. f4 Rb8 13. f5 b5 14. axb5 axb5 15. g4 b4 16. Qe1 Nc5 17.
Qf2 b3 18. Nxd4 bxc2 19. Nc6 Nxd3 20. Qxc2 Qb6+ 21. Kh1 Nb4 22. Nxe7+ Kh8 23. Qb3 Bd7 24. f6 Bxf6 25. Rxf6 Qd4 26. Qc3 Qd1+ 27. Rf1+ 1-0

[Event "Late-Titled-Tuesday-Blitz-July-09-2024"]
[Site "Chess.com"]
[Date "2024.07.09"]
[Round "3"]
[White "kkpanu9"]
[Black "betta2004"]
[Result "0-1"]
[WhiteElo "2064"]
[BlackElo "2517"]
[TimeControl "180+1"]
[EndTime "14:26:08 PDT"]
[Termination "betta2004 won on time"]

1. e4 c6 2. d4 d5 3. exd5 cxd5 4. Bd3 g6 5. c3 Bg7 6. Bf4 Nc6 7. Nf3 Nh6 8. Nbd2 O-O 9. O-O f6 10. Re1 Nf7 11. Bg3 e5 12. dxe5 fxe5 13. Bb5 e4 14. Bxc6 bxc6 15. Nd4 Ne5 16. Bxe5 Bxe5 17. Nf1 Qh4 18.
g3 Qh3 19. Ne3 Rxf2 20. Kxf2 Qxh2+ 21. Kf1 Bh3+ 0-1

[Event "Late-Titled-Tuesday-Blitz-July-09-2024"]
[Site "Chess.com"]
[Date "2024.07.09"]
[Round "3"]
[White "osielchesslover2011"]
[Black "AsaHoffmann"]
[Result "0-1"]
[WhiteElo "2175"]
[BlackElo "2393"]
[TimeControl "180+1"]
[EndTime "14:26:10 PDT"]
[Termination "AsaHoffmann won on time"]

1. e4 d6 2. d4 Nf6 3. Nc3 c6 4. Nf3 Bg4 5. Bc4 e6 6. h3 Bh5 7. a4 d5 8. exd5 cxd5 9. Bb5+ Nc6 10. g4 Bg6 11. Ne5 Rc8 12. h4 Bb4 13. h5 Be4 14. f3 O-O 15. Bxc6 bxc6 16. fxe4 Nxe4 17. Bd2 Nxd2 18. Qxd2 c5 19. h6 g6 20. Rh3 f6 21. Nf3 Qa5 22. g5 e5 23. dxe5 d4 24. Nxd4 cxd4 25. Qxd4 Rfd8 26. Qe4 f5 0-1

[Event "Late-Titled-Tuesday-Blitz-July-09-2024"]
[Site "Chess.com"]
[Date "2024.07.09"]
[Round "3"]
[White "GMG"]
[Black "noblerone"]
[Result "1-0"]
[WhiteElo "2786"]
[BlackElo "2490"]
[TimeControl "180+1"]
[EndTime "14:26:12 PDT"]
[Termination "GMG won by resignation"]

1. Nf3 d5 2. g3 Nf6 3. Bg2 c6 4.
c4 Bf5 5. Qb3 Qb6 6. d3 e6 7.
Be3 Qxb3 8. axb3 a6 9. Nc3 Nbd7 10. Nd4 Bg6 11. cxd5 exd5 12. Nc2 Bc5 13. Bd4 O-O 14. b4 Bd6 15. Bh3 Rfe8 16. O-O Bh5 17. Rfe1 Be5 18. Na4 Bd6 19. Kf1 Bg4 20. Bxg4 Nxg4 21.
h3 Ngf6 22. Nc5 Rab8 23. Kg2 h6 24. f4 Re7 25. Kf3 Rbe8 26. Nxb7 Bxb4 27. Nxb4 Rb8 28.
Nxc6 1-0

[Event "Late-Titled-Tuesday-Blitz-July-09-2024"]
[Site "Chess.com"]
[Date "2024.07.09"]
[Round "3"]
[White "PhileKhoob"]
[Black "Love7Unicorn"]
[Result "0-1"]
[WhiteElo "2384"]
[BlackElo "2597"]
[TimeControl "180+1"]
[EndTime "14:26:12 PDT"]
[Termination "Love7Unicorn won on time"]

1. Nf3 Nf6 2. g3 b5 3. Bg2 Bb7 4. Na3 a6 5. c4 e6 6. b3 b4 7.
Nc2 c5 8. O-O Be7 9. d4 O-O 10.
d5 exd5 11. Nh4 Ne4 12. Bb2 Bxh4 13. gxh4 d4 14. Qd3 Qxh4 15. e3 Qg5 16. f4 Qg4 0-1